Panthers vs Golden Knights
Created - February 9, 2023 at 21:53
Goals
|
| Panthers |
1 |
3 |
1 |
5 |
| Golden Knights |
1 |
2 |
1 |
4 |
|
Shots
|
| Panthers |
6 |
13 |
8 |
27 |
| Golden Knights |
9 |
8 |
12 |
29 |
|
1st period
1. Panthers , Blake Geoffrion 4 (Alex Goligoski 21, Beau Bennett 5) at 19:11
2. Golden Knights , Steven Stamkos 20 (Olli Maatta 4, Jake Guentzel 27) at 19:23
Penalties :
Niklas Hansson (Flo) for Hooking (Minor) at 1:11, Alexander Radulov (Veg) for Interference (Minor) at 16:02
2nd period
3. Panthers , Kris Versteeg 14 (Jamie Arniel 13, Will Butcher 11) at 8:15
4. Golden Knights , Alexander Radulov 14 (Andrei Loktionov 21) at 8:19
5. Golden Knights , Jake Guentzel 23 (Steven Stamkos 48) at 14:25 (PP)
6. Panthers , Alex Goligoski 6 (Miro Aaltonen 15) at 16:52 (PP)
7. Panthers , Alexander Semin 6 (Dalton Prout 8, Kris Versteeg 17) at 17:08
Penalties :
Chris Bourque (Flo) for Hooking (Minor) at 9:06, Niklas Hansson (Flo) for Interference (Minor) at 13:53, Lawson Crouse (Veg) for Holding (Minor) at 15:44
3rd period
8. Golden Knights , Andrew Cogliano 11 (Andrei Loktionov 22, Alexander Radulov 12) at 5:20
9. Panthers , Alexander Semin 7 (Alex Goligoski 22, Jamie Arniel 14) at 7:45 (PP)
Penalties :
Kyle Okposo (Flo) for Holding Stick (Minor) at 0:56, Vladimir Mihalik (Veg) for Hooking (Minor) at 7:37, Lawson Crouse (Veg) for Holding (Minor) at 10:03, Mathew Dumba (Veg) for Tripping (Minor) at 15:54
Goalie Stats
Ville Husso (Flo), 25 saves from 29 shots - (0.862), W, 4-4-2, 60:00 minutes
Ondrej Pavelec (Veg), 22 saves from 27 shots - (0.815), L, 20-12-1, 59:05 minutes
Players Stats for Panthers
Player Name G A P +/- PIM S H SB GA TA FO MP PP MP PK MP
------------------------------------------------------------------------------------
Alex Goligoski 1 2 3 0 0 7 0 2 2 2 0/0 27:36 3:35 3:32
Alex Iafallo 0 0 0 -2 0 2 0 0 1 1 0/0 12:24 0:05 0:39
Alexander Semin 2 0 2 1 0 5 2 0 1 0 3/4 20:27 4:14 1:56
Beau Bennett 0 1 1 1 0 0 1 0 0 0 0/0 9:43 0:05 0:52
Blake Geoffrion 1 0 1 1 0 1 3 0 0 0 1/1 8:15 0:00 0:00
Brian Flynn 0 0 0 -2 0 2 0 0 0 0 1/7 11:14 0:13 0:24
Cameron Gaunce 0 0 0 0 0 0 2 1 0 1 0/0 14:06 3:38 0:26
Chris Bourque 0 0 0 0 2 0 4 0 1 1 0/0 16:09 3:10 0:00
Dalton Prout 0 1 1 -1 0 0 0 2 0 0 0/0 23:56 3:35 2:19
Daultan Leveillé 0 0 0 1 0 0 0 2 0 0 0/3 10:41 0:00 1:56
Jamie Arniel 0 2 2 1 0 3 1 0 1 1 16/34 22:48 3:58 3:35
Jason Pominville 0 0 0 0 0 1 2 0 0 0 0/0 15:52 3:58 0:00
Kris Versteeg 1 1 2 1 0 3 1 0 1 1 1/2 22:37 3:10 3:36
Kyle Okposo 0 0 0 -2 2 1 3 0 0 0 0/2 12:18 1:17 0:00
Miro Aaltonen 0 1 1 0 0 0 1 0 1 0 1/4 12:39 1:29 0:00
Morgan Ellis 0 0 0 0 0 0 0 1 0 0 0/0 13:29 0:00 4:10
Niklas Hansson 0 0 0 0 4 0 0 1 0 0 0/0 18:08 0:00 2:31
Will Butcher 0 1 1 1 0 2 2 1 1 1 0/0 21:05 3:38 0:00
Players Stats for Golden Knights
Player Name G A P +/- PIM S H SB GA TA FO MP PP MP PK MP
------------------------------------------------------------------------------------
Alexander Radulov 1 1 2 2 2 1 0 0 2 0 0/0 14:25 2:37 0:00
Andrei Loktionov 0 2 2 2 0 3 0 1 1 2 8/9 17:31 2:37 2:44
Andrew Cogliano 1 0 1 2 0 3 2 0 0 0 1/3 16:36 2:37 2:52
Anton Lindholm 0 0 0 0 0 1 2 0 0 1 0/0 10:04 0:00 0:07
Christopher Tanev 0 0 0 0 0 1 1 0 0 0 0/0 21:48 3:13 3:22
Frederick Gaudreau 0 0 0 -1 0 0 1 0 1 0 1/3 9:47 0:00 0:00
Jake Guentzel 1 1 2 -1 0 2 0 0 0 0 2/4 22:10 3:47 4:07
Jamie Oleksiak 0 0 0 0 0 2 1 0 1 1 0/0 10:44 0:00 0:47
Jordan Eberle 0 0 0 -1 0 4 1 2 2 0 0/0 18:52 3:47 0:00
Lawson Crouse 0 0 0 -1 4 1 0 0 0 1 0/0 10:41 0:00 0:13
Luke Glendening 0 0 0 -1 0 1 2 0 0 0 0/0 9:47 0:00 0:00
Mathew Dumba 0 0 0 0 2 1 0 4 0 1 0/0 27:48 3:16 3:04
Max Reinhart 0 0 0 0 0 2 0 0 0 0 5/6 10:34 0:05 0:03
Olli Maatta 0 1 1 0 0 0 1 5 0 3 0/0 28:50 3:16 4:26
Paul Stastny 0 0 0 0 0 1 3 0 0 0 0/0 9:20 0:00 0:12
Steven Stamkos 1 1 2 -1 0 3 2 2 1 0 17/32 23:20 3:52 4:15
Tom Wilson 0 0 0 0 0 3 1 0 0 0 0/0 9:20 0:05 0:00
Vladimir Mihalik 0 0 0 0 2 0 2 2 0 0 0/0 21:05 3:13 2:40
3 Stars
1 - Alexander Semin (Flo)
2 - Alex Goligoski (Flo)
3 - Kris Versteeg (Flo)
Power Play
Panthers - 2 on 5 Attempt(s) - 40.00%
Golden Knights - 1 on 4 Attempt(s) - 25.00%
Penalty Kill
Panthers - 3 on 4 Attempt(s) - 75.00%
- Score 0 goal in Penalty Kill
Golden Knights - 3 on 5 Attempt(s) - 60.00%
- Score 0 goal in Penalty Kill
Team Stat
Panthers - Hits : 22 - Faceoff Wins : 23 - Blocked Shots : 10 - Penalty Minutes : 8
Golden Knights - Hits : 19 - Faceoff Wins : 34 - Blocked Shots : 16 - Penalty Minutes : 10
Official
Referees : Dan Kelly and Jon McIsaac
Linesman : Derek Nansen and Shandor Alphonso
Game Notes
19:03 of 2nd period - Golden Knights goal is going for a video replay. After video review, No Goal. The puck has been directed, batted or thrown into the net by an attacking player other than with a stick.
Miro Aaltonen is injured at 8:14 of 3rd period (Sprained Left Finger)
Finance
Level 1 -- Attendance: 5897 (98.28%) -- Ticket Income $589,700
Level 2 -- Attendance: 5000 (100.00%) -- Ticket Income $300,000
Level 3 -- Attendance: 1900 (95.00%) -- Ticket Income $66,500
Level 4 -- Attendance: 3893 (97.33%) -- Ticket Income $97,325
Luxury Box -- Attendance: 1000 (100.00%) -- Ticket Income $200,000
Game was played at the T-Mobile Arena.
Total Attendance: 17690 (98.28%)
Total Ticket Income: $1,253,525
Other Income: $188,029
Total Income: $1,441,554
Panthers
5 vs 5 Forward
Center Left Wing Right Wing Time % Phy DF OF
1 Jamie Arniel Alexander Semin Kris Versteeg 40 1 2 2
2 Miro Aaltonen Chris Bourque Jason Pominville 30 1 2 2
3 Brian Flynn Alex Iafallo Kyle Okposo 20 1 2 2
4 Daultan Leveillé Blake Geoffrion Beau Bennett 10 1 2 2
5 vs 5 Defense
Defense Defense Time % Phy DF OF
1 Alex Goligoski Dalton Prout 40 1 2 2
2 Will Butcher Niklas Hansson 30 1 2 2
3 Cameron Gaunce Morgan Ellis 20 1 2 2
4 Alex Goligoski Will Butcher 10 1 2 2
PowerPlay Forward
Center Left Wing Right Wing Time % Phy DF OF
1 Jamie Arniel Alexander Semin Jason Pominville 60 1 2 2
2 Miro Aaltonen Chris Bourque Kris Versteeg 40 1 2 2
PowerPlay Defense
Defense Defense Time % Phy DF OF
1 Alex Goligoski Dalton Prout 60 1 2 2
2 Will Butcher Cameron Gaunce 40 1 2 2
Penalty Kill 4 Players Forward
Center Wing Time % Phy DF OF
1 Jamie Arniel Kris Versteeg 60 1 2 2
2 Daultan Leveillé Alexander Semin 40 1 2 2
Penalty Kill 4 Players Defense
Defense Defense Time % Phy DF OF
1 Niklas Hansson Morgan Ellis 60 1 2 2
2 Alex Goligoski Dalton Prout 40 1 2 2
Penalty Kill - 3 Players Forward
Forward Time % Phy DF OF
1 Jamie Arniel 60 1 2 2
2 Kris Versteeg 40 1 2 2
Penalty Kill - 3 Players Defense
Defense Defense Time % Phy DF OF
1 Niklas Hansson Morgan Ellis 60 1 2 2
2 Alex Goligoski Dalton Prout 40 1 2 2
4 vs 4 Forward
Center Wing Time % Phy DF OF
1 Jamie Arniel Alexander Semin 60 1 2 2
2 Miro Aaltonen Chris Bourque 40 1 2 2
4 vs 4 Defense
Defense Defense Time % Phy DF OF
1 Alex Goligoski Dalton Prout 60 1 2 2
2 Will Butcher Cameron Gaunce 40 1 2 2
Last Minutes Offensive
Center Left Wing Right Wing Defense Defense
Jamie Arniel Alexander Semin Jason Pominville Alex Goligoski Will Butcher
Last Minutes Defensive
Center Left Wing Right Wing Defense Defense
Jamie Arniel Alexander Semin Kris Versteeg Niklas Hansson Morgan Ellis
Goaltenders
Starting : Ville Husso
Backup : Jonathan Quick
Extra Forwards
Normal : Kyle Okposo, Jamie Arniel, Alexander Semin - PP : Alexander Semin, Kyle Okposo - PK : Beau Bennett
Extra Defensemen
Normal : Will Butcher, Alex Goligoski, Dalton Prout - PP : Will Butcher - PK : Alex Goligoski, Niklas Hansson
Penalty Shots
Alexander Semin, Kris Versteeg, Beau Bennett, Jamie Arniel, Miro Aaltonen
Scratches
Quinton Howden (Right Hip Injury), Timo Meier (Sprained Right Finger Injury)
Golden Knights
5 vs 5 Forward
Center Left Wing Right Wing Time % Phy DF OF
1 Steven Stamkos Jake Guentzel Jordan Eberle 40 1 2 2
2 Andrei Loktionov Andrew Cogliano Alexander Radulov 30 1 2 2
3 Max Reinhart Paul Stastny Tom Wilson 20 1 2 2
4 Frederick Gaudreau Lawson Crouse Luke Glendening 10 1 2 2
5 vs 5 Defense
Defense Defense Time % Phy DF OF
1 Mathew Dumba Olli Maatta 40 1 2 2
2 Vladimir Mihalik Christopher Tanev 30 1 2 2
3 Jamie Oleksiak Anton Lindholm 20 1 2 2
4 Mathew Dumba Olli Maatta 10 1 2 2
PowerPlay Forward
Center Left Wing Right Wing Time % Phy DF OF
1 Steven Stamkos Jake Guentzel Jordan Eberle 60 1 2 2
2 Andrei Loktionov Andrew Cogliano Alexander Radulov 40 1 2 2
PowerPlay Defense
Defense Defense Time % Phy DF OF
1 Mathew Dumba Olli Maatta 60 1 2 2
2 Vladimir Mihalik Christopher Tanev 40 1 2 2
Penalty Kill 4 Players Forward
Center Wing Time % Phy DF OF
1 Steven Stamkos Jake Guentzel 60 1 2 2
2 Andrei Loktionov Andrew Cogliano 40 1 2 2
Penalty Kill 4 Players Defense
Defense Defense Time % Phy DF OF
1 Mathew Dumba Olli Maatta 60 1 2 2
2 Vladimir Mihalik Christopher Tanev 40 1 2 2
Penalty Kill - 3 Players Forward
Forward Time % Phy DF OF
1 Steven Stamkos 60 1 2 2
2 Andrei Loktionov 40 1 2 2
Penalty Kill - 3 Players Defense
Defense Defense Time % Phy DF OF
1 Mathew Dumba Olli Maatta 60 1 2 2
2 Vladimir Mihalik Christopher Tanev 40 1 2 2
4 vs 4 Forward
Center Wing Time % Phy DF OF
1 Steven Stamkos Jake Guentzel 60 1 2 2
2 Andrei Loktionov Andrew Cogliano 40 1 2 2
4 vs 4 Defense
Defense Defense Time % Phy DF OF
1 Mathew Dumba Olli Maatta 60 1 2 2
2 Vladimir Mihalik Christopher Tanev 40 1 2 2
Last Minutes Offensive
Center Left Wing Right Wing Defense Defense
Steven Stamkos Jake Guentzel Jordan Eberle Mathew Dumba Olli Maatta
Last Minutes Defensive
Center Left Wing Right Wing Defense Defense
Steven Stamkos Jake Guentzel Jordan Eberle Mathew Dumba Olli Maatta
Goaltenders
Starting : Ondrej Pavelec
Backup : Laurent Brossoit
Extra Forwards
Normal : Andrew Cogliano, Max Reinhart, Alexander Radulov - PP : Andrew Cogliano, Max Reinhart - PK : Andrew Cogliano
Extra Defensemen
Normal : Christopher Tanev, Jamie Oleksiak, Anton Lindholm - PP : Christopher Tanev - PK : Christopher Tanev, Jamie Oleksiak
Penalty Shots
Steven Stamkos, Jordan Eberle, Jake Guentzel, Andrei Loktionov, Andrew Cogliano
Scratches
Zach Bogosian (Dislocated Patella Injury)
% Time on Ice - Panthers
Lines # - Real PCT - Wanted PCT - Time Play
Normal Forward
1 - 31% - 40% - 13:47
2 - 31% - 30% - 13:55
3 - 21% - 20% - 9:20
4 - 18% - 10% - 8:02
Normal Defense
1 - 35% - 40% - 15:57
2 - 34% - 30% - 15:06
3 - 19% - 20% - 8:31
4 - 12% - 10% - 5:30
PP Forward
1 - 55% - 60% - 3:58
2 - 45% - 40% - 3:15
PP Defense
1 - 50% - 60% - 3:35
2 - 50% - 40% - 3:38
PK Forward
1 - 70% - 60% - 4:33
2 - 30% - 40% - 1:56
PK Defense
1 - 64% - 60% - 4:10
2 - 36% - 40% - 2:19
PK3 Forward
1 - 0% - 60%
2 - 0% - 40%
PK3 Defense
1 - 0% - 60%
2 - 0% - 40%
44 Forward
1 - 0% - 60%
2 - 0% - 40%
44 Defense
1 - 0% - 60%
2 - 0% - 40%
Last Minute Offensive - 0:00
Last Minute Defensive - 1:14
Total
Forward - 60:00
Defense - 60:00
|
% Time on Ice - Golden Knights
Lines # - Real PCT - Wanted PCT - Time Play
Normal Forward
1 - 33% - 40% - 15:05
2 - 25% - 30% - 11:07
3 - 20% - 20% - 9:08
4 - 22% - 10% - 9:47
Normal Defense
1 - 41% - 40% - 18:43
2 - 33% - 30% - 14:58
3 - 21% - 20% - 9:17
4 - 5% - 10% - 2:09
PP Forward
1 - 60% - 60% - 3:52
2 - 40% - 40% - 2:37
PP Defense
1 - 50% - 60% - 3:16
2 - 50% - 40% - 3:13
PK Forward
1 - 80% - 60% - 5:45
2 - 20% - 40% - 1:28
PK Defense
1 - 63% - 60% - 4:33
2 - 37% - 40% - 2:40
PK3 Forward
1 - 0% - 60%
2 - 0% - 40%
PK3 Defense
1 - 0% - 60%
2 - 0% - 40%
44 Forward
1 - 0% - 60%
2 - 0% - 40%
44 Defense
1 - 0% - 60%
2 - 0% - 40%
Last Minute Offensive - 1:11
Last Minute Defensive - 0:00
Total
Forward - 60:00
Defense - 60:00
|
Play-by-Play
1st period
0:01 of 1st period - Steven Stamkos wins face-off versus Jamie Arniel in neutral zone.
0:34 of 1st period - Slapshot by Andrei Loktionov.
0:34 of 1st period - Stopped by Ville Husso without a rebound.
0:35 of 1st period - Max Reinhart wins face-off versus Brian Flynn in Panthers zone.
1:11 of 1st period - Minor Penalty to Niklas Hansson for Hooking.
1:12 of 1st period - Steven Stamkos wins face-off versus Jamie Arniel in Panthers zone.
1:26 of 1st period - Jamie Arniel is hit by Jordan Eberle and loses puck.
2:03 of 1st period - Icing by Jake Guentzel.
2:04 of 1st period - Steven Stamkos wins face-off versus Daultan Leveillé in Golden Knights zone.
3:11 of 1st period - Penalty to Niklas Hansson is over, Niklas Hansson is back on ice.
3:22 of 1st period - Wrist shot by Luke Glendening.
3:22 of 1st period - Shot Misses the Net.
3:26 of 1st period - Snap shot by Luke Glendening.
3:26 of 1st period - Shot Misses the Net.
4:03 of 1st period - Slapshot by Brian Flynn.
4:03 of 1st period - Stopped by Ondrej Pavelec with a rebound.
4:14 of 1st period - Andrei Loktionov is hit by Will Butcher and loses puck.
4:43 of 1st period - Snap shot by Steven Stamkos.
4:43 of 1st period - Shot Misses the Net.
4:45 of 1st period - Snap shot by Jamie Oleksiak.
4:45 of 1st period - Shot Blocked by Will Butcher.
4:47 of 1st period - Snap shot by Jordan Eberle.
4:47 of 1st period - Shot Misses the Net.
4:51 of 1st period - Slapshot by Steven Stamkos.
4:51 of 1st period - Shot Misses the Net.
4:53 of 1st period - Wrist shot by Jordan Eberle.
4:53 of 1st period - Stopped by Ville Husso with a rebound.
5:07 of 1st period - Daultan Leveillé is hit by Paul Stastny and loses puck.
5:22 of 1st period - Blake Geoffrion is hit by Luke Glendening and loses puck.
5:43 of 1st period - Jake Guentzel is hit by Kyle Okposo and loses puck.
6:24 of 1st period - Snap shot by Kyle Okposo.
6:24 of 1st period - Shot Misses the Net.
6:46 of 1st period - Wrist shot by Brian Flynn.
6:46 of 1st period - Shot Blocked by Olli Maatta.
6:52 of 1st period - Wrist shot by Alex Iafallo.
6:52 of 1st period - Shot Misses the Net.
7:29 of 1st period - Snap shot by Brian Flynn.
7:29 of 1st period - Shot Misses the Net.
7:31 of 1st period - Slapshot by Will Butcher.
7:31 of 1st period - Stopped by Ondrej Pavelec without a rebound.
7:32 of 1st period - Jake Guentzel wins face-off versus Jamie Arniel in Golden Knights zone.
7:45 of 1st period - Slapshot by Jamie Arniel.
7:45 of 1st period - Shot Blocked by Vladimir Mihalik.
7:47 of 1st period - Snap shot by Jamie Arniel.
7:47 of 1st period - Shot Misses the Net.
7:49 of 1st period - Snap shot by Jamie Arniel.
7:49 of 1st period - Shot Misses the Net.
8:15 of 1st period - Beau Bennett is hit by Steven Stamkos and loses puck.
8:38 of 1st period - Slapshot by Steven Stamkos.
8:38 of 1st period - Shot Blocked by Morgan Ellis.
8:40 of 1st period - Snap shot by Anton Lindholm.
8:40 of 1st period - Stopped by Ville Husso with a rebound.
8:42 of 1st period - Slapshot by Christopher Tanev.
8:42 of 1st period - Stopped by Ville Husso with a rebound.
8:44 of 1st period - Slapshot by Anton Lindholm.
8:44 of 1st period - Shot Blocked by Cameron Gaunce.
8:48 of 1st period - Snap shot by Steven Stamkos.
8:48 of 1st period - Shot Blocked by Daultan Leveillé.
9:12 of 1st period - Snap shot by Jordan Eberle.
9:12 of 1st period - Stopped by Ville Husso without a rebound.
9:13 of 1st period - Jamie Arniel wins face-off versus Andrew Cogliano in Panthers zone.
9:20 of 1st period - Snap shot by Jamie Arniel.
9:20 of 1st period - Stopped by Ondrej Pavelec with a rebound.
9:39 of 1st period - Niklas Hansson is hit by Vladimir Mihalik.
10:18 of 1st period - Chris Bourque is hit by Anton Lindholm and loses puck.
11:03 of 1st period - Wrist shot by Mathew Dumba.
11:03 of 1st period - Deflect By Andrew Cogliano.
11:03 of 1st period - Stopped by Ville Husso with a rebound.
11:37 of 1st period - Snap shot by Max Reinhart.
11:37 of 1st period - Shot Misses the Net.
11:47 of 1st period - Christopher Tanev is hit by Chris Bourque and loses puck.
13:52 of 1st period - Wrist shot by Paul Stastny.
13:52 of 1st period - Shot Misses the Net.
14:43 of 1st period - Alex Iafallo is hit by Tom Wilson and loses puck.
14:50 of 1st period - Snap shot by Max Reinhart.
14:50 of 1st period - Stopped by Ville Husso with a rebound.
15:18 of 1st period - Beau Bennett is hit by Anton Lindholm and loses puck.
15:33 of 1st period - Blake Geoffrion is hit by Frederick Gaudreau and loses puck.
15:42 of 1st period - Mathew Dumba is hit by Blake Geoffrion and loses puck.
16:02 of 1st period - Minor Penalty to Alexander Radulov for Interference.
16:03 of 1st period - Steven Stamkos wins face-off versus Jamie Arniel in Golden Knights zone.
16:29 of 1st period - Christopher Tanev is hit by Chris Bourque and loses puck.
17:25 of 1st period - Miro Aaltonen is hit by Vladimir Mihalik and loses puck.
17:42 of 1st period - Jake Guentzel is hit by Cameron Gaunce and loses puck.
18:02 of 1st period - Penalty to Alexander Radulov is over, Alexander Radulov is back on ice.
18:43 of 1st period - Slapshot by Mathew Dumba.
18:43 of 1st period - Deflect By Kris Versteeg.
18:43 of 1st period - Stopped by Ville Husso without a rebound.
18:44 of 1st period - Max Reinhart wins face-off versus Brian Flynn in Panthers zone.
18:59 of 1st period - Wrist shot by Alex Iafallo.
18:59 of 1st period - Stopped by Ondrej Pavelec without a rebound.
19:00 of 1st period - Blake Geoffrion wins face-off versus Steven Stamkos in Golden Knights zone.
19:09 of 1st period - Slapshot by Alex Goligoski.
19:09 of 1st period - Stopped by Ondrej Pavelec with a rebound.
19:11 of 1st period - Wrist shot by Blake Geoffrion.
19:11 of 1st period - Goal by Blake Geoffrion - Panthers : 1 - Golden Knights : 0.
19:12 of 1st period - Steven Stamkos wins face-off versus Brian Flynn in neutral zone.
19:17 of 1st period - Slapshot by Jake Guentzel.
19:17 of 1st period - Shot Blocked by Dalton Prout.
19:19 of 1st period - Slapshot by Olli Maatta.
19:19 of 1st period - Shot Blocked by Alex Goligoski.
19:21 of 1st period - Wrist shot by Steven Stamkos.
19:21 of 1st period - Shot Misses the Net.
19:23 of 1st period - Wrist shot by Steven Stamkos.
19:23 of 1st period - Goal by Steven Stamkos - Panthers : 1 - Golden Knights : 1.
19:24 of 1st period - Steven Stamkos wins face-off versus Jamie Arniel in neutral zone.
19:26 of 1st period - Olli Maatta is hit by Jamie Arniel and loses puck.
19:51 of 1st period - Mathew Dumba is hit by Chris Bourque and loses puck.
Goals for this period are 1 for Panthers vs 1 for Golden Knights.
Shots for this period are 6 for Panthers vs 9 for Golden Knights.
2nd period
0:01 of 2nd period - Jamie Arniel wins face-off versus Steven Stamkos in neutral zone.
0:05 of 2nd period - Slapshot by Dalton Prout.
0:05 of 2nd period - Shot Misses the Net.
0:09 of 2nd period - Snap shot by Alexander Semin.
0:09 of 2nd period - Shot Blocked by Jordan Eberle.
0:11 of 2nd period - Snap shot by Alexander Semin.
0:11 of 2nd period - Stopped by Ondrej Pavelec without a rebound.
0:12 of 2nd period - Alexander Semin wins face-off versus Steven Stamkos in Golden Knights zone.
0:18 of 2nd period - Slapshot by Kris Versteeg.
0:18 of 2nd period - Shot Misses the Net.
0:20 of 2nd period - Snap shot by Jamie Arniel.
0:20 of 2nd period - Shot Blocked by Mathew Dumba.
0:22 of 2nd period - Slapshot by Alex Goligoski.
0:22 of 2nd period - Stopped by Ondrej Pavelec with a rebound.
0:24 of 2nd period - Slapshot by Kris Versteeg.
0:24 of 2nd period - Shot Misses the Net.
0:26 of 2nd period - Backhand shot by Dalton Prout.
0:26 of 2nd period - Shot Blocked by Mathew Dumba.
0:28 of 2nd period - Snap shot by Kris Versteeg.
0:28 of 2nd period - Shot Blocked by Jordan Eberle.
1:20 of 2nd period - Wrist shot by Alexander Semin.
1:20 of 2nd period - Stopped by Ondrej Pavelec without a rebound.
1:21 of 2nd period - Kris Versteeg wins face-off versus Frederick Gaudreau in Golden Knights zone.
1:48 of 2nd period - Will Butcher is hit by Jamie Oleksiak and loses puck.
2:14 of 2nd period - Alex Iafallo is hit by Olli Maatta and loses puck.
2:21 of 2nd period - Snap shot by Alexander Radulov.
2:21 of 2nd period - Deflect By Andrew Cogliano.
2:21 of 2nd period - Stopped by Ville Husso without a rebound.
2:22 of 2nd period - Jamie Arniel wins face-off versus Steven Stamkos in Panthers zone.
2:27 of 2nd period - Steven Stamkos is hit by Kris Versteeg and loses puck.
2:32 of 2nd period - Wrist shot by Jamie Arniel.
2:32 of 2nd period - Stopped by Ondrej Pavelec without a rebound.
2:33 of 2nd period - Jamie Arniel wins face-off versus Steven Stamkos in Golden Knights zone.
2:36 of 2nd period - Wrist shot by Jamie Arniel.
2:36 of 2nd period - Deflect By Kris Versteeg.
2:36 of 2nd period - Shot Blocked by Mathew Dumba.
2:36 of 2nd period - Puck is out of play.
2:37 of 2nd period - Steven Stamkos wins face-off versus Jamie Arniel in Golden Knights zone.
2:48 of 2nd period - Slapshot by Dalton Prout.
2:48 of 2nd period - Shot Blocked by Olli Maatta.
2:54 of 2nd period - Snap shot by Alexander Semin.
2:54 of 2nd period - Shot Blocked by Olli Maatta.
3:14 of 2nd period - Wrist shot by Kris Versteeg.
3:14 of 2nd period - Shot Blocked by Olli Maatta.
3:59 of 2nd period - Off-side.
4:00 of 2nd period - Andrew Cogliano wins face-off versus Miro Aaltonen in neutral zone.
4:03 of 2nd period - Wrist shot by Alexander Radulov.
4:03 of 2nd period - Shot Misses the Net.
4:39 of 2nd period - Backhand shot by Brian Flynn.
4:39 of 2nd period - Stopped by Ondrej Pavelec with a rebound.
5:19 of 2nd period - Snap shot by Chris Bourque.
5:19 of 2nd period - Shot Blocked by Andrei Loktionov.
6:16 of 2nd period - Daultan Leveillé is hit by Paul Stastny and loses puck.
6:21 of 2nd period - Wrist shot by Paul Stastny.
6:21 of 2nd period - Deflect By Dalton Prout.
6:21 of 2nd period - Shot Misses the Net.
6:21 of 2nd period - Puck is out of play.
6:22 of 2nd period - Steven Stamkos wins face-off versus Kris Versteeg in Panthers zone.
6:49 of 2nd period - Mathew Dumba is hit by Kyle Okposo.
7:15 of 2nd period - Snap shot by Max Reinhart.
7:15 of 2nd period - Shot Misses the Net.
8:15 of 2nd period - Wrist shot by Kris Versteeg.
8:15 of 2nd period - Goal by Kris Versteeg - Panthers : 2 - Golden Knights : 1.
8:16 of 2nd period - Jamie Arniel wins face-off versus Andrew Cogliano in neutral zone.
8:19 of 2nd period - Snap shot by Alexander Radulov.
8:19 of 2nd period - Goal by Alexander Radulov - Panthers : 2 - Golden Knights : 2.
8:20 of 2nd period - Andrei Loktionov wins face-off versus Jamie Arniel in neutral zone.
8:37 of 2nd period - Snap shot by Alex Goligoski.
8:37 of 2nd period - Shot Misses the Net.
9:06 of 2nd period - Minor Penalty to Chris Bourque for Hooking.
9:07 of 2nd period - Jamie Arniel wins face-off versus Steven Stamkos in Panthers zone.
11:06 of 2nd period - Penalty to Chris Bourque is over, Chris Bourque is back on ice.
11:29 of 2nd period - Luke Glendening is hit by Blake Geoffrion.
13:16 of 2nd period - Olli Maatta is hit by Kyle Okposo and loses puck.
13:33 of 2nd period - Lawson Crouse is hit by Blake Geoffrion and loses puck.
13:53 of 2nd period - Minor Penalty to Niklas Hansson for Interference.
13:54 of 2nd period - Steven Stamkos wins face-off versus Jamie Arniel in Panthers zone.
13:54 of 2nd period - Wrist shot by Jordan Eberle.
13:54 of 2nd period - Shot Hit the Post.
13:56 of 2nd period - Snap shot by Jordan Eberle.
13:56 of 2nd period - Stopped by Ville Husso with a rebound.
14:10 of 2nd period - Wrist shot by Kris Versteeg.
14:10 of 2nd period - Stopped by Ondrej Pavelec without a rebound.
14:11 of 2nd period - Steven Stamkos wins face-off versus Jamie Arniel in Golden Knights zone.
14:25 of 2nd period - Snap shot by Jake Guentzel.
14:25 of 2nd period - Goal by Jake Guentzel - Panthers : 2 - Golden Knights : 3.
14:26 of 2nd period - Jamie Arniel wins face-off versus Steven Stamkos in neutral zone.
14:31 of 2nd period - Snap shot by Kris Versteeg.
14:31 of 2nd period - Stopped by Ondrej Pavelec without a rebound.
14:32 of 2nd period - Steven Stamkos wins face-off versus Jamie Arniel in Golden Knights zone.
15:01 of 2nd period - Wrist shot by Jason Pominville.
15:01 of 2nd period - Shot Blocked by Mathew Dumba.
15:44 of 2nd period - Minor Penalty to Lawson Crouse for Holding.
15:45 of 2nd period - Jamie Arniel wins face-off versus Steven Stamkos in Golden Knights zone.
15:49 of 2nd period - Slapshot by Jamie Arniel.
15:49 of 2nd period - Shot Misses the Net.
15:59 of 2nd period - Slapshot by Alex Goligoski.
15:59 of 2nd period - Shot Misses the Net.
16:11 of 2nd period - Christopher Tanev is hit by Chris Bourque and loses puck.
16:18 of 2nd period - Snap shot by Chris Bourque.
16:18 of 2nd period - Shot Misses the Net.
16:20 of 2nd period - Slapshot by Will Butcher.
16:20 of 2nd period - Stopped by Ondrej Pavelec with a rebound.
16:22 of 2nd period - Slapshot by Will Butcher.
16:22 of 2nd period - Deflect By Kris Versteeg.
16:22 of 2nd period - Shot Blocked by Steven Stamkos.
16:22 of 2nd period - Puck is out of play.
16:23 of 2nd period - Steven Stamkos wins face-off versus Jamie Arniel in Golden Knights zone.
16:52 of 2nd period - Wrist shot by Alex Goligoski.
16:52 of 2nd period - Goal by Alex Goligoski - Panthers : 3 - Golden Knights : 3.
16:53 of 2nd period - Jamie Arniel wins face-off versus Steven Stamkos in neutral zone.
17:00 of 2nd period - Slapshot by Alex Goligoski.
17:00 of 2nd period - Deflect By Olli Maatta.
17:00 of 2nd period - Stopped by Ondrej Pavelec without a rebound.
17:01 of 2nd period - Jamie Arniel wins face-off versus Steven Stamkos in Golden Knights zone.
17:02 of 2nd period - Wrist shot by Kris Versteeg.
17:02 of 2nd period - Shot Misses the Net.
17:04 of 2nd period - Slapshot by Dalton Prout.
17:04 of 2nd period - Shot Misses the Net.
17:06 of 2nd period - Wrist shot by Alexander Semin.
17:06 of 2nd period - Stopped by Ondrej Pavelec with a rebound.
17:08 of 2nd period - Slapshot by Alexander Semin.
17:08 of 2nd period - Goal by Alexander Semin - Panthers : 4 - Golden Knights : 3.
17:09 of 2nd period - Jamie Arniel wins face-off versus Jake Guentzel in neutral zone.
17:41 of 2nd period - Slapshot by Steven Stamkos.
17:41 of 2nd period - Stopped by Ville Husso without a rebound.
17:42 of 2nd period - Andrei Loktionov wins face-off versus Miro Aaltonen in Panthers zone.
17:57 of 2nd period - Off-side.
17:58 of 2nd period - Steven Stamkos wins face-off versus Jamie Arniel in neutral zone.
18:19 of 2nd period - Jordan Eberle is hit by Alexander Semin and loses puck.
18:28 of 2nd period - Dalton Prout is hit by Steven Stamkos and loses puck.
18:59 of 2nd period - Wrist shot by Steven Stamkos.
18:59 of 2nd period - Shot Blocked by Dalton Prout.
19:01 of 2nd period - Wrist shot by Jordan Eberle.
19:01 of 2nd period - Stopped by Ville Husso with a rebound.
19:03 of 2nd period - Snap shot by Jake Guentzel.
19:03 of 2nd period - Golden Knights goal is going for a video replay.
19:03 of 2nd period - The goal is refused. The puck has been directed, batted or thrown into the net by an attacking player other than with a stick..
19:04 of 2nd period - Miro Aaltonen wins face-off versus Andrei Loktionov in Panthers zone.
19:19 of 2nd period - Snap shot by Alexander Radulov.
19:19 of 2nd period - Shot Hit the Post.
19:21 of 2nd period - Wrist shot by Andrei Loktionov.
19:21 of 2nd period - Stopped by Ville Husso with a rebound.
19:40 of 2nd period - Slapshot by Miro Aaltonen.
19:40 of 2nd period - Shot Blocked by Vladimir Mihalik.
Goals for this period are 3 for Panthers vs 2 for Golden Knights.
Shots for this period are 13 for Panthers vs 8 for Golden Knights.
3rd period
0:01 of 3rd period - Andrei Loktionov wins face-off versus Jamie Arniel in neutral zone.
0:03 of 3rd period - Off-side.
0:04 of 3rd period - Andrei Loktionov wins face-off versus Alexander Semin in neutral zone.
0:31 of 3rd period - Snap shot by Miro Aaltonen.
0:31 of 3rd period - Shot Misses the Net.
0:56 of 3rd period - Minor Penalty to Kyle Okposo for Holding Stick.
0:57 of 3rd period - Jamie Arniel wins face-off versus Steven Stamkos in Panthers zone.
1:09 of 3rd period - Wrist shot by Steven Stamkos.
1:09 of 3rd period - Stopped by Ville Husso with a rebound.
1:11 of 3rd period - Slapshot by Vladimir Mihalik.
1:11 of 3rd period - Shot Blocked by Niklas Hansson.
1:33 of 3rd period - Wrist shot by Andrew Cogliano.
1:33 of 3rd period - Shot Misses the Net.
2:56 of 3rd period - Penalty to Kyle Okposo is over, Kyle Okposo is back on ice.
3:15 of 3rd period - Max Reinhart is hit by Miro Aaltonen and loses puck.
3:34 of 3rd period - Slapshot by Lawson Crouse.
3:34 of 3rd period - Shot Misses the Net.
3:36 of 3rd period - Wrist shot by Jamie Oleksiak.
3:36 of 3rd period - Stopped by Ville Husso with a rebound.
3:38 of 3rd period - Backhand shot by Jamie Oleksiak.
3:38 of 3rd period - Stopped by Ville Husso with a rebound.
3:48 of 3rd period - Snap shot by Kyle Okposo.
3:48 of 3rd period - Stopped by Ondrej Pavelec with a rebound.
4:02 of 3rd period - Wrist shot by Beau Bennett.
4:02 of 3rd period - Shot Misses the Net.
4:25 of 3rd period - Cameron Gaunce is hit by Paul Stastny and loses puck.
4:47 of 3rd period - Snap shot by Alex Iafallo.
4:47 of 3rd period - Stopped by Ondrej Pavelec without a rebound.
4:48 of 3rd period - Jake Guentzel wins face-off versus Brian Flynn in Golden Knights zone.
5:02 of 3rd period - Icing by Brian Flynn.
5:03 of 3rd period - Andrei Loktionov wins face-off versus Brian Flynn in Panthers zone.
5:18 of 3rd period - Snap shot by Andrei Loktionov.
5:18 of 3rd period - Stopped by Ville Husso with a rebound.
5:20 of 3rd period - Slapshot by Andrew Cogliano.
5:20 of 3rd period - Goal by Andrew Cogliano - Panthers : 4 - Golden Knights : 4.
5:21 of 3rd period - Alexander Semin wins face-off versus Jake Guentzel in neutral zone.
5:33 of 3rd period - Snap shot by Jamie Arniel.
5:33 of 3rd period - Shot Misses the Net.
5:35 of 3rd period - Slapshot by Alex Goligoski.
5:35 of 3rd period - Stopped by Ondrej Pavelec with a rebound.
5:49 of 3rd period - Icing by Chris Bourque.
5:50 of 3rd period - Andrei Loktionov wins face-off versus Miro Aaltonen in Panthers zone.
5:57 of 3rd period - Christopher Tanev is hit by Will Butcher and loses puck.
6:04 of 3rd period - Slapshot by Miro Aaltonen.
6:04 of 3rd period - Shot Misses the Net.
6:06 of 3rd period - Wrist shot by Miro Aaltonen.
6:06 of 3rd period - Shot Misses the Net.
6:53 of 3rd period - Icing by Alexander Radulov.
6:54 of 3rd period - Andrei Loktionov wins face-off versus Jamie Arniel in Golden Knights zone.
7:37 of 3rd period - Minor Penalty to Vladimir Mihalik for Hooking.
7:38 of 3rd period - Jamie Arniel wins face-off versus Steven Stamkos in Golden Knights zone.
7:45 of 3rd period - Snap shot by Alexander Semin.
7:45 of 3rd period - Goal by Alexander Semin - Panthers : 5 - Golden Knights : 4.
7:46 of 3rd period - Jamie Arniel wins face-off versus Steven Stamkos in neutral zone.
8:13 of 3rd period - Miro Aaltonen is hit by Andrew Cogliano and loses puck.
8:14 of 3rd period - Miro Aaltonen from Panthers is injured at 8:14 of 3rd period (Sprained Left Finger).
8:15 of 3rd period - Steven Stamkos wins face-off versus Jamie Arniel in Panthers zone.
8:48 of 3rd period - Wrist shot by Jason Pominville.
8:48 of 3rd period - Stopped by Ondrej Pavelec without a rebound.
8:49 of 3rd period - Andrei Loktionov wins face-off versus Kyle Okposo in Golden Knights zone.
10:03 of 3rd period - Minor Penalty to Lawson Crouse for Holding.
10:04 of 3rd period - Jamie Arniel wins face-off versus Steven Stamkos in Golden Knights zone.
10:08 of 3rd period - Snap shot by Jason Pominville.
10:08 of 3rd period - Shot Blocked by Olli Maatta.
11:04 of 3rd period - Andrei Loktionov is hit by Cameron Gaunce and loses puck.
11:37 of 3rd period - Andrei Loktionov is hit by Alexander Semin and loses puck.
12:03 of 3rd period - Penalty to Lawson Crouse is over, Lawson Crouse is back on ice.
12:10 of 3rd period - Luke Glendening is hit by Beau Bennett.
12:32 of 3rd period - Icing by Morgan Ellis.
12:33 of 3rd period - Frederick Gaudreau wins face-off versus Daultan Leveillé in Panthers zone.
12:36 of 3rd period - Backhand shot by Luke Glendening.
12:36 of 3rd period - Stopped by Ville Husso without a rebound.
12:37 of 3rd period - Alexander Semin wins face-off versus Frederick Gaudreau in Panthers zone.
12:37 of 3rd period - Alexander Semin is hit by Luke Glendening.
14:08 of 3rd period - Snap shot by Lawson Crouse.
14:08 of 3rd period - Stopped by Ville Husso without a rebound.
14:09 of 3rd period - Steven Stamkos wins face-off versus Jamie Arniel in Panthers zone.
14:48 of 3rd period - Chris Bourque is hit by Andrew Cogliano and loses puck.
15:01 of 3rd period - Slapshot by Alexander Radulov.
15:01 of 3rd period - Shot Misses the Net.
15:03 of 3rd period - Slapshot by Max Reinhart.
15:03 of 3rd period - Deflect By Paul Stastny.
15:03 of 3rd period - Shot Blocked by Daultan Leveillé.
15:03 of 3rd period - Puck is out of play.
15:04 of 3rd period - Max Reinhart wins face-off versus Daultan Leveillé in Panthers zone.
15:05 of 3rd period - Wrist shot by Tom Wilson.
15:05 of 3rd period - Stopped by Ville Husso with a rebound.
15:09 of 3rd period - Slapshot by Tom Wilson.
15:09 of 3rd period - Stopped by Ville Husso without a rebound.
15:10 of 3rd period - Max Reinhart wins face-off versus Brian Flynn in Panthers zone.
15:23 of 3rd period - Wrist shot by Max Reinhart.
15:23 of 3rd period - Stopped by Ville Husso without a rebound.
15:24 of 3rd period - Max Reinhart wins face-off versus Jamie Arniel in Panthers zone.
15:33 of 3rd period - Wrist shot by Alex Goligoski.
15:33 of 3rd period - Stopped by Ondrej Pavelec with a rebound.
15:35 of 3rd period - Slapshot by Alex Goligoski.
15:35 of 3rd period - Deflect By Olli Maatta.
15:35 of 3rd period - Stopped by Ondrej Pavelec without a rebound.
15:36 of 3rd period - Brian Flynn wins face-off versus Max Reinhart in Golden Knights zone.
15:51 of 3rd period - Snap shot by Alex Iafallo.
15:51 of 3rd period - Deflect By Brian Flynn.
15:51 of 3rd period - Shot Misses the Net.
15:51 of 3rd period - Puck is out of play.
15:52 of 3rd period - Steven Stamkos wins face-off versus Jamie Arniel in Golden Knights zone.
15:54 of 3rd period - Minor Penalty to Mathew Dumba for Tripping.
15:55 of 3rd period - Jamie Arniel wins face-off versus Steven Stamkos in Golden Knights zone.
16:11 of 3rd period - Snap shot by Jamie Arniel.
16:11 of 3rd period - Shot Misses the Net.
17:04 of 3rd period - Jamie Oleksiak is hit by Jason Pominville and loses puck.
17:15 of 3rd period - Andrew Cogliano is hit by Jason Pominville and loses puck.
17:38 of 3rd period - Snap shot by Jamie Arniel.
17:38 of 3rd period - Stopped by Ondrej Pavelec without a rebound.
17:39 of 3rd period - Steven Stamkos wins face-off versus Kyle Okposo in Golden Knights zone.
17:54 of 3rd period - Penalty to Mathew Dumba is over, Mathew Dumba is back on ice.
17:56 of 3rd period - Snap shot by Andrei Loktionov.
17:56 of 3rd period - Shot Blocked by Alex Goligoski.
18:26 of 3rd period - Snap shot by Paul Stastny.
18:26 of 3rd period - Stopped by Ville Husso with a rebound.
18:28 of 3rd period - Backhand shot by Tom Wilson.
18:28 of 3rd period - Stopped by Ville Husso with a rebound.
18:30 of 3rd period - Slapshot by Jamie Oleksiak.
18:30 of 3rd period - Shot Misses the Net.
19:02 of 3rd period - Niklas Hansson is hit by Christopher Tanev and loses puck.
19:05 of 3rd period - Golden Knights, Ondrej Pavelec is pulled from the net.
19:51 of 3rd period - Slapshot by Kris Versteeg.
19:51 of 3rd period - Shot Blocked by Steven Stamkos.
Goals for this period are 1 for Panthers vs 1 for Golden Knights.
Shots for this period are 8 for Panthers vs 12 for Golden Knights.